 Dungeon Crawl Stone Soup version 0.24.1 (webtiles) character file.

Game seed: 9709658728915457361, levelgen mode: deterministic

157 Destapler the Skirmisher (level 5, -1/42 HPs)
             Began as a Demonspawn Chaos Knight on Apr 5, 2020.
             Was a Plaything of Xom.
             Slain by a jackal (2 damage)
             ... on level 2 of the Dungeon.
             The game lasted 00:04:31 (1946 turns).

Destapler the Skirmisher (Demonspawn Chaos Knight)  Turns: 1946, Time: 00:04:32

Health: -1/42      AC:  5    Str: 14    XL:     5   Next: 15%
Magic:  5/5        EV: 11    Int: 13    God:    Xom [*.....]
Gold:   91         SH:  0    Dex: 12    Spells: 4/4 levels left

rFire    . . .     SeeInvis .   d - +0 dagger (curse)
rCold    . . .     Gourm    .   (no shield)
rNeg     . . .     Faith    .   h - +0 ring mail (curse)
rPois    .         Spirit   .   (no helmet)
rElec    .         Reflect  .   (no cloak)
rCorr    .         Harm     .   (no gloves)
MR       .....                  (no boots)
Stlth    +.........             (no amulet)
HPRegen  0.14/turn              (no ring)
MPRegen  0.09/turn              (no ring)

@: no status effects
A: hooves 1, demonic guardian 1, nightstalker 1
a: Renounce Religion


You were on level 2 of the Dungeon.
You worshipped Xom.
You were a special plaything of Xom.
You were not hungry.

You visited 1 branch of the dungeon, and saw 2 of its levels.

You collected 91 gold pieces.

Inventory:

Hand Weapons
 a - a +0 falchion of chaos
 d - a cursed +0 dagger (weapon)
 e - a +3 dagger
Armour
 b - a +3 leather armour
 h - a cursed +0 ring mail (worn)
Potions
 f - a potion of berserk rage
 i - a potion of curing {unknown}
 j - 2 potions of agility {unknown}
Comestibles
 c - 6 rations
 g - 4 chunks of flesh


   Skills:
 + Level 3.9 Fighting
 + Level 3.5 Long Blades
 + Level 2.8 Armour
 + Level 2.3 Dodging


You had 4 spell levels left.
You didn't know any spells.
Your spell library was empty.

Dungeon Overview and Level Annotations

Branches:
Dungeon (2/15)

Altars:


Innate Abilities, Weirdness & Mutations

You have large cloven feet.
A weak demonic guardian rushes to your aid.
You are slightly more attuned to the shadows.


Message History

The jackal bites the worm.
You hit the kobold but do no damage.
The kobold hits you with a cursed +0 short sword.
* * * LOW HITPOINT WARNING * * *
You hit the kobold.
The kobold is moderately wounded.
The kobold misses you.
You barely miss the kobold.
The kobold is moderately wounded.
The jackal bites you but does no damage.
The kobold closely misses you.
You hit the kobold.
You kill the kobold!
The jackal barely misses you.
You feel a bit more experienced.
The jackal splashes around in the water.
You hit the jackal.
The jackal is severely wounded.
The jackal bites you.
You die... "This toy is broken."

#≈.≈≈≈≈≈≈≈≈≈.......##.####.
#≈≈≈≈≈≈≈≈≈≈≈≈......#..# #.
#..≈≈≈..≈≈≈≈.......#.#####.
#..≈≈≈._.≈≈≈≈≈.......).#...
..≈≈≈.♣≈≈≈≈............)##
≈≈≈≈≈≈≈≈≈≈≈≈....#...##.)..
.≈≈≈≈≈≈≈≈≈≈....##...######
≈.≈≈≈≈≈≈≈≈≈≈.##....##
....≈..≈≈@h≈....#.##
≈......≈≈≈)...###.##
########.#......## ##
........##..w# #.
........##.#.## #.
#........##.#..#*##.
#........#.h.#,.....
#...................
#########.!.######.


You could see a jackal.

Vanquished Creatures
  A bullfrog (D:2)
  3 adders (D:2)
  A gnoll (D:1)
  An ooze (D:1)
  A worm (D:2)
  3 dart slugs
  3 bats (D:1)
  2 giant cockroaches
  7 goblins
  9 hobgoblins
  A jackal (D:2)
  7 kobolds
  A quokka (D:2)
  A ball python (D:1)
  3 frilled lizards
  8 rats
52 creatures vanquished.

Vanquished Creatures (others)
  5 toadstools (D:1)
5 creatures vanquished.

Grand Total: 57 creatures vanquished

Notes
Turn   | Place    | Note
-------+----------+-------------------------------------------
     0 | D:1      | Destapler the Demonspawn Chaos Knight began the quest for
                  | the Orb.
     0 | D:1      | Reached XP level 1. HP: 18/18 MP: 1/1
    46 | D:1      | Reached skill level 1 in Dodging
   136 | D:1      | Gained mutation: You have large cloven feet. [demonic
                  | ancestry]
   136 | D:1      | Reached XP level 2. HP: 19/24 MP: 2/2
   167 | D:1      | XOM: smoke on damage
   294 | D:1      | XOM: harmless Fire miscast
   493 | D:1      | Reached XP level 3. HP: 20/29 MP: 3/3
   499 | D:1      | XOM: mild Erth miscast
   711 | D:1      | XOM: cloud trail
   887 | D:2      | XOM: divination: magic mapping
   950 | D:2      | XOM: divination: detect items
   967 | D:2      | XOM: butterfly on damage
  1266 | D:2      | XOM: god gift: 4 rations
  1273 | D:2      | Gained mutation: You are slightly more attuned to the
                  | shadows. [demonic ancestry]
  1273 | D:2      | Reached XP level 4. HP: 21/35 MP: 4/4
  1417 | D:2      | XOM: confuse monster(s)
  1890 | D:2      | Found a faded altar of an unknown god.
  1917 | D:2      | Noticed a bullfrog
  1929 | D:2      | XOM: confuse monster(s)
  1930 | D:2      | XOM: harmless Hex miscast
  1930 | D:2      | Killed a bullfrog
  1930 | D:2      | Gained mutation: A weak demonic guardian rushes to your
                  | aid. [demonic ancestry]
  1930 | D:2      | Reached XP level 5. HP: 11/42 MP: 5/5
  1942 | D:2      | HP: 1/42 [kobold/cursed +0 short sword (4)]
  1946 | D:2      | Slain by a jackal

Levels and vault maps discovered:
D:1:      ldierk_walled_garden, layout_basic
D:2:      layout_rooms, chequers_ecumenical_altar_island

Skill      XL: |  1  2  3  4 |
---------------+-------------+-----
Dodging        | 1 2 |  2.3
Armour         | 2 |  2.8
Long Blades    | 3 |  3.5
Fighting       | |  3.9

Action                   |  1- 3 |  4- 6 || total
-------------------------+-------+-------++-------
Melee: Dagger            |   192 |    55 ||   247
       Kick              |    35 |    10 ||    45
  Use: Scroll            |     2 |       ||     2
       Potion            |       |     1 ||     1
 Stab: Confused          |       |     1 ||     1
       Sleeping          |       |     1 ||     1
  Eat: Chunk             |     1 |     3 ||     4
Armor: Leather armour    |    37 |       ||    37
       Ring mail         |    19 |    20 ||    39
Dodge: Dodged            |   103 |    31 ||   134
